AoeStats
← Erickinio

Arena

508794257Analyzed
3v3 RM · 8d ago on Sep 24, 2026· 59m 43s· 6 players
Game mode
Random Map
Map size
Normal (6 player)
Population
200
Speed
Normal
Resources
Standard
Victory
Conquest
Starting age
Dark Age
Ending age
Imperial Age
RankedLock teamsTeams togetherTeam positionsShared explorationLock speedFull tech treeHidden civsTurbo modeCheats
Victory
Defeat
🇨🇳 Franks · China
957
+13
🇦🇺 Byzantines · Australia
932
+14
🇦🇷 Celts · Argentina
913
+16
🇵🇪 Hindustanis · Peru
909
-15
🇹🇭 Goths · Thailand
899
-14
🇹🇭 Teutons · Thailand
891
-14
NeeoNone
4:47 Loom
9:56 Feudal Age
11:52 Wheelbarrow
12:02 Double-Bit Axe
17:19 Town Watch
22:43 Castle Age
20:47 Fletching
24:24 Fletching
25:04 Bow Saw
25:16 Hand Cart
25:48 Bodkin Arrow
26:28 Gold Mining
27:47 Padded Archer Armor
28:08 Ordonnance Companies
37:03 Elite Skirmisher
38:45 Gold Shaft Mining
Erickinio
10:57 Feudal Age
11:27 Loom
11:33 Double-Bit Axe
12:06 Man-at-Arms
13:05 Arson
14:53 Forging
18:46 Scale Mail Armor
20:29 Horse Collar
20:45 Stone Mining
22:43 Wheelbarrow
26:24 Castle Age
25:12 Gold Mining
27:30 Long Swordsman
27:55 Gambesons
30:35 Bow Saw
33:09 Gold Shaft Mining
34:09 Stronghold
34:39 Hand Cart
35:45 Stone Shaft Mining
35:13 Heavy Plow
36:07 Iron Casting
37:18 Chain Mail Armor
37:15 Masonry
40:53 Imperial Age
38:10 Town Watch
38:18 Fletching
38:30 Padded Archer Armor
38:26 Murder Holes
38:52 Ballistics
39:08 Pikeman
40:57 Two-Handed Swordsman
42:58 Blast Furnace
43:38 Conscription
43:51 Plate Mail Armor
43:42 Bodkin Arrow
44:02 Leather Archer Armor
43:38 Champion
44:41 Siege Engineers
46:36 Furor Celtica
46:40 Town Patrol
51:40 Elite Woad Raider
51:51 Halberdier
56:45 Ring Archer Armor
Great
11:46 Feudal Age
12:39 Double-Bit Axe
15:23 Castle Age
13:22 Horse Collar
16:21 Bow Saw
16:22 Heavy Plow
19:56 Wheelbarrow
19:09 Loom
21:40 Hand Cart
23:49 Gold Mining
26:33 Gold Shaft Mining
30:07 Imperial Age
27:39 Stone Mining
29:15 Ballistics
28:58 Scale Mail Armor
30:27 Stone Shaft Mining
30:31 Chain Mail Armor
31:54 Chemistry
31:07 Forging
30:22 Pikeman
32:00 Plate Mail Armor
32:42 Two-Man Saw
32:16 Crop Rotation
32:33 Iron Casting
32:27 Fortified Wall
31:47 Halberdier
32:27 Squires
32:14 Arson
32:40 Fletching
32:14 Elite Skirmisher
33:01 Thumb Ring
33:25 Bodkin Arrow
33:31 Padded Archer Armor
33:55 Bombard Tower
33:17 Treadmill Crane
35:07 Bracer
35:23 Leather Archer Armor
35:06 Murder Holes
37:09 Ring Archer Armor
39:39 Conscription
40:27 Greek Fire
Cody
13:02 Feudal Age
13:12 Loom
16:45 Castle Age
19:56 Double-Bit Axe
25:36 Stone Mining
26:34 Bow Saw
27:18 Horse Collar
30:21 Heavy Plow
32:41 Gold Mining
35:53 Imperial Age
34:04 Wheelbarrow
34:38 Forging
34:28 Scale Mail Armor
37:14 Iron Casting
38:23 Conscription
39:38 Onager
40:26 Siege Engineers
40:47 Chain Mail Armor
Hankuro
0:33 Loom
12:49 Feudal Age
13:30 Town Watch
14:23 Double-Bit Axe
14:21 Horse Collar
18:30 Castle Age
16:47 Stone Mining
16:50 Gold Mining
19:17 Forging
20:40 Wheelbarrow
21:59 Scale Mail Armor
23:12 Gold Shaft Mining
23:32 Bow Saw
24:28 Heavy Plow
24:33 Arson
27:09 Stone Shaft Mining
27:27 Chain Mail Armor
28:02 Squires
30:03 Iron Casting
31:11 Fletching
31:31 Town Patrol
33:13 Masonry
33:55 Scale Barding Armor
33:47 Bodkin Arrow
35:55 Murder Holes
37:41 Chain Barding Armor
43:28 Imperial Age
42:21 Ballistics
44:33 Conscription
45:37 Blast Furnace
48:25 Hand Cart
49:06 Fortified Wall
49:57 Chemistry
49:53 Bracer
50:32 Elite Ghulam
52:42 Two-Man Saw
55:21 Coinage
55:14 Grand Trunk Road
Zozimbo
0:41 Loom
9:42 Feudal Age
15:53 Castle Age
15:55 Double-Bit Axe
15:51 Horse Collar
18:46 Stone Mining
29:09 Anarchy
30:26 Scale Mail Armor
30:36 Forging
33:14 Imperial Age
31:23 Bow Saw
32:03 Wheelbarrow
31:14 Town Watch
31:21 Gold Mining
32:25 Stone Shaft Mining
32:11 Chain Mail Armor
32:35 Iron Casting
33:12 Heavy Plow
33:43 Hand Cart
33:29 Town Patrol
35:24 Chemistry
36:29 Blast Furnace
35:21 Fletching
35:31 Padded Archer Armor
35:45 Guilds
37:20 Crop Rotation
37:51 Two-Man Saw
37:19 Elite Huskarl
38:00 Perfusion
60:06 Squires
Connection lost

Rejoining the realm…

Still unreachable

The connection could not be restored.

Session expired

The server has moved on; the page needs a fresh start.